 Dungeon Crawl Stone Soup version 0.25-b1-37-g2669288c55 (webtiles) character file.

Game seed: 18255493220473437653

25650 lepoulpe303 the Champion of Chaos (level 12, -16/110 HPs)
             Began as a Deep Dwarf Fighter on June 4, 2020.
             Was the Champion of Makhleb.
             Demolished by a stone giant (24 damage)
             ... on level 2 of the Orcish Mines.
             The game lasted 00:47:09 (12520 turns).

lepoulpe303 the Champion of Chaos (DDFi)           Turns: 12520, Time: 00:47:10

Health: -16/110    AC: 17    Str: 29    XL:     12   Next: 91%
Magic:  23/23 (14) EV: 11    Int: 10    God:    Makhleb [******]
Gold:   1032       SH: 17    Dex: 13    Spells: 11/11 levels left

rFire    . . .     SeeInvis .   a - +1 war axe (vamp) {!w}
rCold    . . .     Gourm    .   c - +0 kite shield
rNeg     . . .     Faith    .   F - +0 plate armour
rPois    .         Spirit   .   O - +0 hat {MR+} {MR+}
rElec    .         Reflect  +   x - +0 cloak {rCorr}
rCorr    +         Harm     .   G - +0 pair of gloves
MR       ++...                  (no boots)
Stlth    ..........             n - amulet of reflection
HPRegen  0.00/turn              g - +6 ring of strength
MPRegen  0.18/turn              N - ring of magical power {MP+9}

@: non-regenerating
A: damage resistance, heal wounds, sense surroundings 2, no regeneration
a: Heal Wounds, Minor Destruction, Lesser Servant of Makhleb, Major Destruction,
Greater Servant of Makhleb, Renounce Religion


You were on level 2 of the Orcish Mines.
You worshipped Makhleb.
Makhleb was exalted by your worship.
You were not hungry.

You visited 2 branches of the dungeon, and saw 14 of its levels.
You also visited: Sewer.

You collected 1320 gold pieces.
You spent 288 gold pieces at shops.

Inventory:

Hand Weapons
 a - a +1 vampiric war axe (weapon) {!w}
 R - a +0 war axe
Missiles
 h - 8 silver javelins
 o - 52 poisoned darts
 s - 3 throwing nets {=f}
 W - a boomerang of dispersal {=f}
 Y - 12 boomerangs (quivered)
Armour
 b - a +0 scale mail
 c - a +0 kite shield (worn)
 q - a +0 chain mail
 r - a +1 hat
 x - a +0 cloak of preservation (worn)
 F - a +0 plate armour (worn)
 G - a +0 pair of gloves (worn)
 L - a +2 scale mail of cold resistance {rC+}
 O - a +0 hat of magic resistance (worn) {MR+}
 S - +0 acid dragon scales
Jewellery
 g - a +6 ring of strength (left hand)
 n - an amulet of reflection (around neck)
 N - a ring of magical power (right hand) {MP+9}
Wands
 D - a wand of digging (4)
 E - a wand of polymorph (14)
 H - a wand of iceblast (13)
 M - a wand of paralysis (16)
Scrolls
 f - 5 scrolls of fog {unknown}
 i - 5 scrolls of identify
 j - 5 scrolls of remove curse {unknown}
 m - a scroll of noise {unknown}
 t - 9 scrolls of teleportation
 v - 4 scrolls of enchant weapon {unknown}
 y - 2 scrolls of fear {unknown}
 z - 2 scrolls of immolation {unknown}
 A - 2 scrolls of random uselessness
 J - 3 scrolls of amnesia {unknown}
 K - a scroll of blinking {unknown}
 P - a scroll of vulnerability {unknown}
 T - a scroll of summoning {unknown}
 U - a scroll of silence {unknown}
Potions
 d - 4 potions of might
 k - 7 potions of flight
 l - 4 potions of heal wounds
 p - a potion of haste
 u - 8 potions of lignification {unknown}
 w - a potion of mutation {unknown}
 B - a potion of brilliance {unknown}
 C - 6 potions of curing
 I - a potion of invisibility {unknown}
 V - 4 potions of stabbing {unknown}
 X - a potion of magic {unknown}
Comestibles
 e - 22 rations
 Q - 10 chunks of flesh


   Skills:
 + Level 7.8 Fighting
 * Level 12.2 Axes
 + Level 9.3 Armour
 + Level 8.7 Dodging
 + Level 9.3 Shields
 * Level 13.4 Invocations


You had 11 spell levels left.
You didn't know any spells.
Your spell library contained the following spells:

 Spells                   Type           Power        Failure   Level  Hunger
 Animate Skeleton         Necr           N/A          99%         1    ##.....
 Apportation              Tloc           #.....       99%         1    ##.....
 Beastly Appendage        Tmut           #.....       99%         1    ##.....
 Corona                   Hex            #......      99%         1    ##.....
 Summon Small Mammal      Summ           #...         99%         1    ##.....
 Ensorcelled Hibernation  Hex/Ice        #.....       100%        2    ###....
 Sticks to Snakes         Tmut           #.......     100%        2    ###....
 Confusing Touch          Hex            #.......     100%        3    ####...
 Dazzling Flash           Conj/Hex       #.....       100%        3    ####...
 Gell's Gravitas          Tloc           #.........   100%        3    ####...
 Spider Form              Tmut/Pois      #.........   100%        3    ####...
 Tukima's Dance           Hex            #.......     100%        3    ####...
 Ice Form                 Ice/Tmut       #.......     100%        4    #####..
 Petrify                  Tmut/Erth      #.......     100%        4    #####..
 Blade Hands              Tmut           #.........   100%        5    ######.
 Bolt of Magma            Conj/Fire/Erth #.........   100%        5    ######.
 Iskenderun's Battlesphe  Conj/Chrm      #.......     100%        5    ######.
 Metabolic Englaciation   Hex/Ice        #.........   100%        5    ######.
 Yara's Violent Unravell  Hex/Tmut       #.........   100%        5    ######.
 Iron Shot                Conj/Erth      #.........   100%        6    #######
 Orb of Destruction       Conj           #.........   100%        7    #######
 Spellforged Servitor     Conj/Summ      #.........   100%        7    #######


Dungeon Overview and Level Annotations

Branches:
Dungeon (12/15)            Temple (0/1) D:7            Lair (0/6) D:11
    Orc (2/2) D:12          Sewer (visited)
    Elf: Orc:2

Altars:
Ashenzari
Cheibriados
Elyvilon
Fedhas
Gozag
Hepliaklqana
Kikubaaqudgha
Makhleb
Nemelex Xobeh
Ru
Sif Muna
Trog
Wu Jian
Xom
The Shining One
Beogh

Shops:
Orc:1 *   Orc:2 *


Innate Abilities, Weirdness & Mutations

You are resistant to damage.
You can heal yourself by infusing magical energy.
You passively map the area around you.
You do not regenerate.


Message History

* * * LOW HITPOINT WARNING * * *
You take 9 damage, and have 21/110 hp.
You slice the cyclops!!
You feel better.
You kill the cyclops!
You feel better.
You hit the troll.
You hit the stone giant but do no damage.
The troll closely misses you. You block the troll's attack.
The troll closely misses you. You block the stone giant's attack.
You regained 17 hp, and now have 38/110 hp.
You hit the stone giant but do no damage.
You hit the troll. The troll bites you but does no damage.
The troll claws you but does no damage. x2; The stone giant hits you!!
* * * LOW HITPOINT WARNING * * *
You take 31 damage, and have 7/110 hp.
MASSIVE DAMAGE!!
You hit the troll.
You feel better.
Your plate armour prevents you from hitting the stone giant.
The troll bites you but does no damage. You block the troll's attack.
The troll closely misses you. The stone giant hits you!!
You die...

...................#
...............##.##
.................###
...................####
....................#.##
............#.#........#
.............###(...#.##
..............###T.####
................@C.# ,
,,...#.#.......## ,
PP.P..#....### ,,
PP...$...### ,,
..........# C......$.##
, CC...P.### , ,......#*
,..8.P.


You could see a stone giant and a troll.

Levels and vault maps discovered:
D:1:      dpeg_arrival_tiny_a, layout_loops_ring, minmay_octomino_c4
D:2:      layout_rooms, old_standard_altar, makhleb_heckhound_becter,
          nicolae_overflow_hidden_temple, gammafunk_temple_overflow_pools,
          first_ration, uniq_sigmund
D:3:      layout_loops_ring, minmay_vboxes, uniq_grinder
D:4:      layout_rooms, minmay_quantized, uniq_natasha
D:5:      layout_basic, kennysheep_little_box, portal_sewer_entry_e,
          uniq_eustachio, uniq_prince_ribbit1, uniq_blork_the_orc, uniq_pikel
D:6:      layout_cave_pools, old_standard_altar, lemuel_coloured_pillars_altar,
          kennysheep_cross_bottleneck, minmay_ruffians
D:7:      layout_layer_cave, trog_ov_bears_minmay,
          minmay_temple_entry_statues_fountains, uniq_harold, uniq_duvessa
D:8:      minmay_general_purpose_star, layout_rooms,
          nemelex_xobeh_ov_fountains_minmay, lemuel_doored_altar,
          cheibriados_altar_1, hangedman_pestilent_swarm, lemuel_blue_sif_altar,
          uniq_grum, uniq_gastronok
D:9:      layout_rooms, hangedman_ru_absence, serial_bayou,
          serial_bayou_shore_a, serial_bayou_pond_c, serial_bayou_shore_b,
          serial_bayou_lagoon_a, minmay_variable_closet
D:10:     layout_roguey
D:11:     layout_irregular_city, erik_lair_island, doesnt_xom_only_xom
D:12:     layout_roguey, hiddenorc1_lemuel, minivault_8
Orc:1:    layout_caves, basic_altar, serial_shops, shop, uniq_jorgrun
Orc:2:    grunt_orc_gardens, layout_caves, grunt_orc_garden, grunt_orc_garden,
          grunt_orc_garden, grunt_orc_garden, serial_shops,
          nicolae_shop_waterfront, uniq_erolcha

Notes
Turn   | Place    | Note
-------+----------+-------------------------------------------
     0 | D:1      | lepoulpe303 the Deep Dwarf Fighter began the quest for the
                  | Orb.
     0 | D:1      | Reached XP level 1. HP: 20/20 MP: 1/1
    70 | D:1      | Identified a +0 short sword
   132 | D:1      | Identified a cursed +0 club
   176 | D:1      | Identified a +0 whip
   238 | D:1      | Identified a cursed +0 short sword
   251 | D:1      | Identified a +0 short sword
   258 | D:1      | Reached XP level 2. HP: 25/27 MP: 2/2
   363 | D:1      | Identified a +0 dagger
   414 | D:1      | Identified a +0 cloak (You found it on level 1 of the
                  | Dungeon)
   524 | D:1      | Identified a +0 club
   674 | D:2      | Identified a +0 club
   708 | D:2      | Identified a cursed -3 scythe
   708 | D:2      | Identified a +0 robe
   708 | D:2      | Noticed Sigmund
  1057 | D:2      | Found a burning altar of Makhleb.
  1064 | D:2      | Reached skill level 3 in Fighting
  1064 | D:2      | Reached skill level 3 in Axes
  1064 | D:2      | Reached skill level 1 in Dodging
  1064 | D:2      | Reached XP level 3. HP: 31/34 MP: 2/2
  1087 | D:2      | Identified a +0 chain mail (You found it on level 2 of the
                  | Dungeon)
  1092 | D:2      | Became a worshipper of Makhleb the Destroyer
  1138 | D:2      | Found a hazy altar of Hepliaklqana.
  1207 | D:2      | Identified a cursed -1 club
  1219 | D:2      | Found a shattered altar of Ashenzari.
  1328 | D:2      | HP: 6/34 [something (5)]
  1338 | D:2      | Killed Sigmund
  1338 | D:2      | Reached skill level 4 in Axes
  1338 | D:2      | Reached skill level 4 in Armour
  1338 | D:2      | Reached skill level 2 in Dodging
  1338 | D:2      | Reached skill level 4 in Shields
  1338 | D:2      | Reached XP level 4. HP: 28/42 MP: 3/3
  1338 | D:2      | Reached XP level 5. HP: 33/49 MP: 4/4
  1477 | D:2      | Identified a +1 hat (You found it on level 2 of the
                  | Dungeon)
  1522 | D:2      | Found an opulent altar of Gozag.
  1524 | D:2      | Found a shimmering blue altar of Sif Muna.
  1616 | D:2      | Identified 4 scrolls of identify
  1616 | D:2      | Identified an amulet of reflection (You found it on level 1
                  | of the Dungeon)
  1618 | D:2      | Identified 2 potions of berserk rage
  1665 | D:3      | Identified a +0 dagger
  1666 | D:3      | Identified a +0 scale mail
  1787 | D:3      | Identified a +0 club
  1850 | D:3      | Identified a +0 giant club
  1850 | D:3      | Noticed an ogre
  1888 | D:3      | Killed an ogre
  1888 | D:3      | Reached XP level 6. HP: 29/56 MP: 5/5
  1907 | D:3      | Identified a +0 club
  1919 | D:3      | Identified a +0 club
  2003 | D:3      | Noticed Grinder
  2040 | D:3      | Identified a +0 club
  2042 | D:3      | Identified a +0 dagger
  2043 | D:3      | Identified a +0 dagger
  2043 | D:3      | Identified a +0 robe
  2045 | D:3      | Identified a +0 club
  2056 | D:3      | Paralysed by Grinder for 6 turns
  2063 | D:3      | Identified a +0 club
  2063 | D:3      | Identified a cursed +0 leather armour
  2063 | D:3      | Identified a +0 whip
  2064 | D:3      | Identified a +0 dagger
  2064 | D:3      | Identified a +0 dagger
  2077 | D:3      | Reached * piety under Makhleb
  2080 | D:3      | Identified a +0 dagger
  2147 | D:3      | HP: 14/56 [Grinder/nerve-wracking pain (11)]
  2149 | D:3      | Paralysed by Grinder for 3 turns
  2156 | D:3      | HP: 12/56 [Grinder (2)]
  2157 | D:3      | HP: 1/56 [Grinder/nerve-wracking pain (7)]
  2171 | D:3      | HP: 14/56 [Grinder (2)]
  2174 | D:3      | Killed Grinder
  2174 | D:3      | Reached skill level 5 in Axes
  2174 | D:3      | Reached skill level 3 in Dodging
  2174 | D:3      | Reached skill level 2 in Invocations
  2174 | D:3      | Reached XP level 7. HP: 16/63 MP: 5/7
  2863 | D:4      | Identified a +0 giant club
  2867 | D:4      | Noticed Natasha
  2877 | D:4      | Killed Natasha
  2902 | D:4      | Identified a +0 flail
  2902 | D:4      | Identified a +0 ring mail
  2906 | D:4      | Identified a +0 giant club
  2911 | D:4      | Identified a +0 hand axe
  2919 | D:4      | Reached skill level 4 in Fighting
  2919 | D:4      | Reached skill level 3 in Invocations
  2936 | D:4      | Noticed Natasha
  2951 | D:4      | Killed Natasha
  3038 | D:4      | Noticed Natasha
  3050 | D:4      | Identified a +0 scale mail
  3051 | D:4      | Identified a +0 flail
  3055 | D:4      | Identified a +0 trident
  3055 | D:4      | Identified a +0 leather armour
  3100 | D:4      | Killed Natasha
  3124 | D:4      | Identified a +0 shortbow
  3127 | D:4      | Reached skill level 5 in Armour
  3160 | D:4      | Identified a +0 cloak of preservation (You found it on
                  | level 4 of the Dungeon)
  3161 | D:4      | Identified 3 scrolls of teleportation
  3258 | D:4      | Identified a +0 dagger
  3258 | D:4      | Identified a +0 robe
  3266 | D:4      | Reached skill level 5 in Shields
  3302 | D:5      | Entered Level 5 of the Dungeon
  3302 | D:5      | Identified a +0 flail
  3302 | D:5      | Identified a +0 robe
  3302 | D:5      | Noticed Blork the orc
  3314 | D:5      | Killed Blork the orc
  3314 | D:5      | Reached skill level 4 in Invocations
  3314 | D:5      | Reached XP level 8. HP: 61/72 MP: 6/8
  3332 | D:5      | Noticed Prince Ribbit
  3339 | D:5      | Identified a +0 whip
  3371 | D:4      | Killed Prince Ribbit
  3371 | D:4      | Reached skill level 6 in Axes
  3615 | D:5      | Identified a +0 hand axe
  3652 | D:5      | Identified a +0 dagger
  3652 | D:5      | Identified a +0 robe
  3652 | D:5      | Identified a +0 whip
  3652 | D:5      | Identified a +0 leather armour
  3653 | D:5      | Identified a +0 dagger
  3653 | D:5      | Identified a +0 scale mail
  3653 | D:5      | Identified a cursed +0 ring mail
  3667 | D:5      | Reached ** piety under Makhleb
  3671 | D:5      | Reached skill level 4 in Dodging
  3731 | D:5      | Found a glowing drain.
  3736 | Sewer    | Entered a sewer
  3773 | Sewer    | Identified a +0 short sword
  3773 | Sewer    | Identified a +0 short sword
  3786 | Sewer    | Reached skill level 5 in Invocations
  3862 | Sewer    | Identified a +0 short sword
  3862 | Sewer    | Identified a +0 dagger
  4004 | Sewer    | Identified a +0 short sword
  4004 | Sewer    | Identified a +0 whip
  4022 | Sewer    | Reached *** piety under Makhleb
  4096 | Sewer    | Identified a +0 short sword
  4096 | Sewer    | Identified a +0 dagger
  4594 | D:5      | Identified a +0 falchion
  4594 | D:5      | Identified a +0 leather armour
  4594 | D:5      | Noticed Eustachio
  4628 | D:5      | Killed Eustachio
  4628 | D:5      | Reached skill level 6 in Invocations
  4672 | D:5      | Found an ornate altar of the Wu Jian Council.
  4743 | D:5      | Identified a +0 whip of flaming
  4743 | D:5      | Identified a +0 robe
  4743 | D:5      | Noticed Pikel
  4743 | D:5      | Identified a +0 giant club
  4771 | D:5      | Reached skill level 7 in Axes
  4787 | D:5      | Killed Pikel
  4787 | D:5      | Gained mutation: You passively map the area around you.
                  | [Deep Dwarf growth]
  4787 | D:5      | Reached XP level 9. HP: 39/80 MP: 10/10
  4865 | D:5      | Reached skill level 6 in Shields
  4956 | D:5      | Identified a +0 pair of gloves (You found it on level 5 of
                  | the Dungeon)
  4971 | D:6      | Identified a +0 shortbow
  4976 | D:6      | Identified a +0 giant spiked club
  4981 | D:6      | Reached skill level 5 in Fighting
  4992 | D:6      | Reached skill level 6 in Armour
  4993 | D:6      | Reached skill level 7 in Invocations
  4998 | D:6      | Reached skill level 5 in Dodging
  5052 | D:6      | Identified a +0 shortbow
  5060 | D:6      | Identified a ring of strength (You found it on level 1 of
                  | the Dungeon)
  5095 | D:6      | Found an ancient bone altar of Kikubaaqudgha.
  5150 | D:6      | Identified a +0 club
  5150 | D:6      | Identified a +0 animal skin
  5151 | D:6      | Identified a +0 club
  5151 | D:6      | Identified a +0 leather armour
  5155 | D:6      | Identified a +0 hunting sling
  5155 | D:6      | Identified a +0 leather armour
  5168 | D:6      | Reached skill level 8 in Axes
  5175 | D:6      | Identified a +0 hunting sling
  5175 | D:6      | Identified a +0 animal skin
  5192 | D:6      | Identified a +0 flail
  5192 | D:6      | Identified a +0 scale mail
  5210 | D:6      | Reached skill level 8 in Invocations
  5230 | D:6      | Identified a +0 hunting sling
  5230 | D:6      | Identified a +0 animal skin
  5360 | D:6      | Identified a +0 shortbow
  5445 | D:6      | Reached XP level 10. HP: 88/88 MP: 13/13
  5544 | D:6      | Found a blossoming altar of Fedhas.
  5631 | D:7      | Identified a cursed -3 dagger
  5631 | D:7      | Identified a +0 robe
  5631 | D:7      | Noticed Dowan
  5635 | D:7      | Identified a +0 halberd
  5635 | D:7      | Identified a +0 ring mail
  5635 | D:7      | Noticed Harold
  5636 | D:7      | Identified a +0 flail
  5636 | D:7      | Identified a +0 short sword
  5636 | D:7      | Identified a +0 leather armour
  5636 | D:7      | Noticed Duvessa
  5638 | D:7      | Identified a +2 vorpal flail
  5638 | D:7      | Identified a +0 ring mail
  5639 | D:7      | Identified a +0 dagger
  5639 | D:7      | Identified a +0 robe
  5655 | D:7      | Identified a +0 dagger
  5655 | D:7      | Identified a +0 robe
  5656 | D:7      | Identified a +0 hand axe
  5693 | D:7      | Identified a +0 morningstar
  5693 | D:7      | Identified a +0 ring mail
  5693 | D:7      | Identified a +0 trident
  5693 | D:7      | Identified a +0 robe
  5705 | D:7      | Reached **** piety under Makhleb
  5707 | D:7      | Identified a +2 dagger of electrocution
  5707 | D:7      | Identified a +0 leather armour
  5718 | D:7      | Killed Harold
  5724 | D:7      | Killed Dowan
  5729 | D:7      | Killed Duvessa
  5729 | D:7      | Reached skill level 9 in Invocations
  5768 | D:7      | Reached skill level 6 in Dodging
  5822 | D:7      | Identified a +0 club
  5823 | D:7      | Identified a +0 battleaxe
  5823 | D:7      | Identified a +0 plate armour
  5825 | D:7      | Identified a +2 scale mail of cold resistance
  5826 | D:7      | Identified a +0 dagger of electrocution
  5826 | D:7      | Identified a cursed +0 robe
  5839 | D:7      | Reached skill level 9 in Axes
  5864 | D:7      | Found a staircase to the Ecumenical Temple.
  6114 | D:7      | Found a bloodstained altar of Trog.
  6169 | D:7      | Reached skill level 7 in Shields
  6351 | D:7      | Identified a +0 shortbow
  6356 | D:7      | Reached skill level 7 in Armour
  6527 | D:7      | Identified a +0 dagger
  6527 | D:7      | Identified a +0 whip
  6527 | D:7      | Identified a +0 short sword
  6528 | D:7      | Identified a +0 dagger
  6528 | D:7      | Identified a +0 club
  6541 | D:7      | Identified a +0 dagger
  6546 | D:7      | Identified a +0 club
  6681 | D:8      | Identified a +0 flail
  6681 | D:8      | Identified a +0 robe
  6681 | D:8      | Identified a +0 mace
  6681 | D:8      | Identified a +0 robe
  6681 | D:8      | Identified a +0 dagger
  6681 | D:8      | Identified a +0 robe
  6681 | D:8      | Identified a +0 great sword
  6681 | D:8      | Identified a +0 robe
  6681 | D:8      | Identified a +0 dire flail
  6681 | D:8      | Identified a +0 robe
  6681 | D:8      | Identified a +0 dagger
  6681 | D:8      | Identified a cursed -3 hand axe
  6681 | D:8      | Identified a +0 whip
  6703 | D:8      | Found a sparkling altar of Nemelex Xobeh.
  6703 | D:8      | Identified a +0 flail
  6703 | D:8      | Identified a +0 great sword
  6703 | D:8      | Identified a +0 robe
  6703 | D:8      | Identified a cursed +0 trident
  6703 | D:8      | Identified a +0 robe
  6703 | D:8      | Identified a cursed +3 short sword
  6703 | D:8      | Identified a +0 robe
  6703 | D:8      | Identified a +0 trident
  6703 | D:8      | Identified a +0 robe
  6745 | D:8      | Identified a -2 glaive
  6745 | D:8      | Identified a +0 animal skin
  6745 | D:8      | Noticed Grum
  6780 | D:8      | Killed Grum
  6784 | D:8      | Reached skill level 6 in Fighting
  6809 | D:8      | Identified 3 scrolls of random uselessness
  6810 | D:8      | Identified 3 potions of heal wounds
  6811 | D:8      | Identified 6 potions of flight
  6908 | D:8      | Identified a +0 shortbow
  6967 | D:8      | Reached ***** piety under Makhleb
  7003 | D:8      | Reached skill level 10 in Invocations
  7316 | D:8      | Identified a +0 hat of magic resistance
  7316 | D:8      | Noticed Gastronok
  7358 | D:8      | Killed Gastronok
  7358 | D:8      | Reached skill level 10 in Axes
  7358 | D:8      | Reached XP level 11. HP: 99/99 MP: 15/15
  7387 | D:8      | Found a snail-covered altar of Cheibriados.
  7458 | D:8      | Found a shimmering blue altar of Sif Muna.
  7487 | D:8      | Identified a +0 dagger
  7498 | D:8      | Identified a +0 dagger
  7498 | D:8      | Identified a +0 robe
  7499 | D:8      | Identified a cursed -2 flail
  7499 | D:8      | Identified a +0 leather armour
  7594 | D:8      | Identified a +0 club
  7594 | D:8      | Identified a +0 club
  7594 | D:8      | Identified a +0 whip
  7594 | D:8      | Identified a +0 trident
  7594 | D:8      | Identified a +0 ring mail
  7600 | D:8      | Identified a +0 halberd
  7602 | D:8      | Identified a +0 spear
  7642 | D:8      | Found a glowing golden altar of the Shining One.
  7787 | D:9      | Identified a +0 trident
  7787 | D:9      | Identified a +0 plate armour
  7787 | D:9      | Identified a +4 mace
  7787 | D:9      | Identified a +0 chain mail
  7788 | D:9      | Identified a +0 dagger
  7788 | D:9      | Identified a +2 robe of fire resistance
  7788 | D:9      | Identified a +0 dagger
  7788 | D:9      | Identified a +0 robe
  7788 | D:9      | Identified a cursed -3 flail
  7820 | D:9      | Identified a +0 short sword
  7822 | D:9      | Identified a +0 club
  7952 | D:9      | HP: 21/99 [electric eel/bolt of electricity (7)]
  7955 | D:9      | Reached skill level 7 in Dodging
  8025 | D:9      | Identified a +0 shortbow
  8030 | D:9      | Identified a +0 shortbow
  8129 | D:9      | Found a sacrificial altar of Ru.
  8202 | D:9      | HP: 19/99 [electric eel/bolt of electricity (10)]
  8205 | D:9      | HP: 8/99 [electric eel/bolt of electricity (9)]
  8282 | D:9      | Reached skill level 11 in Invocations
  8716 | D:10     | Entered Level 10 of the Dungeon
  8804 | D:10     | Reached skill level 8 in Armour
  8804 | D:10     | Reached skill level 8 in Shields
  8859 | D:10     | Identified a +0 short sword
  8862 | D:10     | Identified a +0 dagger
  8862 | D:10     | Identified a +0 robe
  8862 | D:10     | Identified a +0 hand axe
  8877 | D:10     | Identified a +0 dagger
  8877 | D:10     | Identified a +0 robe
  8877 | D:10     | Identified a +1 vampiric war axe
  8877 | D:10     | Identified a +0 short sword
  8877 | D:10     | Identified a +0 dagger
  8877 | D:10     | Identified a +0 robe
  8994 | D:10     | Identified +0 acid dragon scales
  9322 | D:11     | Identified a cursed -3 short sword
  9323 | D:11     | Identified a +0 dagger
  9323 | D:11     | Identified a +0 robe
  9324 | D:11     | Identified a cursed +0 dagger
  9325 | D:11     | Identified a +0 short sword
  9546 | D:11     | Reached skill level 7 in Fighting
  9547 | D:11     | Identified a +0 giant club
  9547 | D:11     | Identified a +0 giant club
  9547 | D:11     | Noticed a two-headed ogre
  9554 | D:11     | Reached skill level 11 in Axes
  9559 | D:11     | Killed a two-headed ogre
  9574 | D:11     | Found a staircase to the Lair.
  9602 | D:11     | HP: 23/100 [drowned by a water elemental (6)]
  9931 | D:11     | Reached ****** piety under Makhleb
  9931 | D:11     | Reached XP level 12. HP: 58/109 MP: 16/16
 10031 | D:11     | Reached skill level 12 in Invocations
 10054 | D:11     | Found a sacrificial altar of Ru.
 10056 | D:11     | Found a glowing golden altar of the Shining One.
 10056 | D:11     | Found a shimmering altar of Xom.
 10058 | D:11     | Found a bloodstained altar of Trog.
 10058 | D:11     | Found a burning altar of Makhleb.
 10058 | D:11     | Found a white marble altar of Elyvilon.
 10221 | D:12     | Identified a +0 short sword
 10221 | D:12     | Identified a +0 mace
 10221 | D:12     | Identified a cursed -3 mace
 10221 | D:12     | Identified a cursed -2 dagger
 10221 | D:12     | Identified a +0 robe
 10221 | D:12     | Identified a +0 dagger
 10221 | D:12     | Identified a +0 mace
 10221 | D:12     | Identified a +0 dire flail
 10221 | D:12     | Identified a +0 flail
 10222 | D:12     | Identified a +0 morningstar
 10228 | D:12     | HP: 24/109 [molten gargoyle/+0 dire flail (11)]
 10228 | D:12     | HP: 11/109 [molten gargoyle/bolt of magma (13)]
 10307 | D:12     | Identified a +0 troll leather armour
 10341 | D:12     | Identified a +2 whip of distortion
 10341 | D:12     | Identified a +0 chain mail
 10341 | D:12     | Identified a +0 falchion
 10341 | D:12     | Identified a +0 leather armour
 10341 | D:12     | Identified a +0 dagger
 10341 | D:12     | Identified a +0 chain mail
 10342 | D:12     | Identified a +2 dagger of electrocution
 10344 | D:12     | Identified a +0 scimitar
 10344 | D:12     | Identified a +0 plate armour
 10375 | D:12     | Identified a ring of magical power (You found it on level 8
                  | of the Dungeon)
 10809 | D:12     | Identified a +0 short sword
 10825 | D:12     | HP: 22/109 [molten gargoyle/+0 mace (9)]
 10826 | D:12     | Identified a cursed -2 dagger
 10852 | D:12     | HP: 8/109 [molten gargoyle/bolt of magma (8)]
 10859 | D:12     | HP: 23/109 [smoke demon][the player character] (7)]
 10860 | D:12     | HP: 2/109 [molten gargoyle/bolt of magma (21)]
 10861 | D:12     | Reached skill level 8 in Dodging
 10903 | D:12     | Identified a +0 short sword
 10903 | D:12     | Identified a +0 dagger
 10903 | D:12     | Identified a +0 leather armour
 10904 | D:12     | Identified a +0 club
 10904 | D:12     | Identified a +0 leather armour
 10905 | D:12     | Identified a +0 hand axe
 10906 | D:12     | Identified a +0 falchion
 10906 | D:12     | Identified a +0 battleaxe
 10906 | D:12     | Identified a +0 chain mail
 10906 | D:12     | Identified a +0 club
 10908 | D:12     | Identified a +0 leather armour
 10908 | D:12     | Identified a +0 club
 10908 | D:12     | Identified a cursed -2 leather armour
 10911 | D:12     | Identified a +0 ring mail
 10911 | D:12     | Identified a +0 hand axe
 10911 | D:12     | Identified a +0 leather armour
 10939 | D:12     | Identified a +0 dagger
 10939 | D:12     | Identified a +0 robe
 10975 | D:12     | Found a staircase to the Orcish Mines.
 11202 | D:12     | Identified a +0 dagger
 11202 | D:12     | Identified a +0 club
 11207 | D:12     | Identified a +0 dagger
 11286 | D:12     | Identified a +0 flail
 11544 | D:12     | Identified a +0 dagger of protection
 11544 | D:12     | Identified a +0 ring mail
 11577 | Orc:1    | Entered Level 1 of the Orcish Mines
 11577 | Orc:1    | Identified a +0 halberd
 11577 | Orc:1    | Identified a +0 plate armour
 11577 | Orc:1    | Identified a +2 short sword of speed
 11577 | Orc:1    | Identified a +0 hand axe
 11577 | Orc:1    | Identified a +0 leather armour
 11577 | Orc:1    | Identified a +0 war axe
 11577 | Orc:1    | Noticed an orc high priest
 11577 | Orc:1    | Identified a +0 trident
 11577 | Orc:1    | Identified a +0 chain mail
 11577 | Orc:1    | Identified a +0 dire flail
 11577 | Orc:1    | Identified a +0 plate armour
 11577 | Orc:1    | Identified a +0 hand axe
 11577 | Orc:1    | Identified a +0 chain mail
 11577 | Orc:1    | Identified a +0 flail
 11577 | Orc:1    | Identified a +0 leather armour
 11577 | Orc:1    | Identified a +0 dagger
 11577 | Orc:1    | Identified a +1 robe
 11577 | Orc:1    | Identified a +0 giant club
 11579 | Orc:1    | Identified a +1 dagger of venom
 11579 | Orc:1    | Identified a +0 robe
 11580 | Orc:1    | Identified a +0 vorpal quarterstaff
 11580 | Orc:1    | Identified a +0 robe of fire resistance
 11580 | Orc:1    | Noticed Jorgrun
 11588 | Orc:1    | Identified a +0 trident
 11589 | Orc:1    | Killed an orc high priest
 11589 | Orc:1    | Identified a +2 whip of venom
 11612 | D:12     | Killed Jorgrun
 11612 | D:12     | Reached skill level 12 in Axes
 11612 | D:12     | Reached skill level 9 in Armour
 11612 | D:12     | Reached skill level 9 in Shields
 11612 | D:12     | Reached skill level 13 in Invocations
 11741 | Orc:1    | Identified a +0 hand axe
 11741 | Orc:1    | Identified a +0 plate armour
 11743 | Orc:1    | Identified a cursed -2 club
 11746 | Orc:1    | Identified a +0 dagger
 11746 | Orc:1    | Identified a +0 robe
 11856 | Orc:1    | Identified a +0 short sword
 11856 | Orc:1    | Identified a +0 chain mail
 11856 | Orc:1    | Identified a cursed +0 club
 11856 | Orc:1    | Identified a +0 scale mail
 11856 | Orc:1    | Identified a +0 short sword
 11856 | Orc:1    | Identified a +0 ring mail
 11859 | Orc:1    | Identified a +0 halberd
 11859 | Orc:1    | Identified a +0 chain mail
 11860 | Orc:1    | Identified a +0 dagger
 11860 | Orc:1    | Identified a +0 robe
 11861 | Orc:1    | Identified a +0 dagger
 11861 | Orc:1    | Identified a +0 leather armour
 11874 | Orc:1    | Identified a +0 hand axe
 11874 | Orc:1    | Identified a cursed +0 chain mail
 11877 | Orc:1    | Identified a +2 hand axe of venom
 11893 | Orc:1    | Identified a +0 trident
 11899 | Orc:1    | Identified a +0 dagger
 11899 | Orc:1    | Identified a +0 robe
 11903 | Orc:1    | Identified a +0 giant club
 11912 | Orc:1    | Identified a +0 whip
 11912 | Orc:1    | Identified a +0 leather armour
 11913 | Orc:1    | Identified a +0 spear
 11914 | Orc:1    | Identified a +0 halberd
 11916 | Orc:1    | Identified a +0 club
 11981 | Orc:1    | Identified a +0 trident
 11985 | Orc:1    | Identified a +0 short sword
 11985 | Orc:1    | Identified a +0 chain mail
 11988 | Orc:1    | Identified a +0 dagger
 11988 | Orc:1    | Identified a +0 robe
 11990 | Orc:1    | Identified a +0 club
 12007 | Orc:1    | Identified a +2 battleaxe of electrocution
 12007 | Orc:1    | Identified a +0 plate armour
 12010 | Orc:1    | Identified a +0 dagger
 12010 | Orc:1    | Identified a +0 hand axe
 12011 | Orc:1    | Identified a +0 short sword
 12011 | Orc:1    | Identified a +0 ring mail
 12047 | Orc:1    | Found Popsahis's Assorted Antiques.
 12056 | Orc:1    | Bought a potion of might for 96 gold pieces
 12056 | Orc:1    | Bought a wand of digging (4) for 192 gold pieces
 12070 | Orc:1    | Identified a +0 glaive
 12070 | Orc:1    | Identified a +0 plate armour
 12074 | Orc:1    | Identified a cursed -1 flail
 12074 | Orc:1    | Identified a cursed +0 ring mail
 12075 | Orc:1    | Identified a +0 mace
 12100 | Orc:1    | Identified a +0 club
 12111 | Orc:1    | Found a roughly hewn altar of Beogh.
 12115 | Orc:1    | Identified a +0 mace
 12115 | Orc:1    | Identified a +0 scale mail
 12115 | Orc:1    | Identified a +0 short sword
 12116 | Orc:1    | Identified a +0 dagger
 12116 | Orc:1    | Identified a +0 robe
 12118 | Orc:1    | Identified a +0 mace
 12118 | Orc:1    | Identified a +0 dire flail
 12118 | Orc:1    | Identified a +1 chain mail of fire resistance
 12383 | Orc:2    | Entered Level 2 of the Orcish Mines
 12383 | Orc:2    | Identified a +1 broad axe
 12383 | Orc:2    | Identified a +0 chain mail
 12383 | Orc:2    | Identified a +0 short sword
 12383 | Orc:2    | Identified a +0 chain mail
 12383 | Orc:2    | Identified a +0 mace
 12383 | Orc:2    | Identified a +0 whip
 12383 | Orc:2    | Identified a +0 hand axe
 12383 | Orc:2    | Identified a +0 leather armour
 12384 | Orc:2    | Identified a +2 vampiric hand axe
 12437 | Orc:2    | Identified a +0 dagger
 12437 | Orc:2    | Identified a +1 robe of positive energy
 12494 | Orc:2    | Found Xazi's General Store.
 12494 | Orc:2    | Noticed a stone giant
 12517 | Orc:2    | HP: 21/110 [stone giant (10)]
 12519 | Orc:2    | HP: 7/110 [stone giant (31)]
 12520 | Orc:2    | Demolished by a stone giant

Table legend:
 A = Turns spent in this place as a percentage of turns spent in the entire game.
 B = Non-inter-level travel turns spent in this place as a percentage of non-inter-level travel turns spent in the entire game.
 C = Inter-level travel turns spent in this place as a percentage of turns spent in this place.
 D = Turns resting spent in this place as a percentage of non-inter-level travel turns spent in this place.
 E = Turns spent auto-exploring this place as a percentage of non-inter-level travel turns spent in this place.
 F = Non-inter-level travel turns spent in this place divided by the number of levels of this place that you've seen.
                   A       B       C       D       E      F
               +-------+-------+-------+-------+-------+----------------------
         Total | 100.0 | 100.0 |   4.6 |  10.4 |  56.9 | 796.5
       Dungeon |  88.3 |  87.9 |   5.0 |  11.7 |  56.3 | 874.8
  Orcish Mines |   6.4 |   6.5 |   2.0 |   1.0 |  61.4 | 391.0
         Sewer |   5.3 |   5.6 |   0.0 |   0.0 |  59.7 | 667.0
               +-------+-------+-------+-------+-------+----------------------

Table legend:
 A = Kills in this place as a percentage of kills in entire the game.
 B = Kills by you in this place as a percentage of kills by you in the entire game.
 C = Kills by friends in this place as a percentage of kills by friends in the entire game.
 D = Other kills in this place as a percentage of other kills in the entire game.
 E = Experience gained in this place as a percentage of experience gained in the entire game.
 F = Experience gained in this place divided by the number of levels of this place that you have seen.
                   A       B       C       D       E      F
               +-------+-------+-------+-------+-------+----------------------
         Total | 100.0 | 100.0 |   N/A | 100.0 | 100.0 | 2442.9
       Dungeon |  78.1 |  78.1 |   N/A | 100.0 |  86.1 | 2629.2
  Orcish Mines |  11.5 |  11.5 |   N/A |   0.0 |  12.6 | 2314.0
         Sewer |  10.4 |  10.4 |   N/A |   0.0 |   1.3 | 465.0
               +-------+-------+-------+-------+-------+----------------------

Skill      XL: |  1  2  3  4  5  6  7  8  9 10 11 12 |
---------------+-------------------------------------+-----
Fighting       | 3 4 5 6 7 |  7.8
Axes           | 3 4 5 7 8 10 11 12 | 12.2
Dodging        | 1 2 3 4 5 6 7 8 |  8.7
Armour         | 4 5 6 7 8 9 |  9.3
Shields        | 4 5 6 7 8 9 |  9.3
Invocations    | 2 4 6 8 10 11 13 | 13.4

Action                   |  1- 3 |  4- 6 |  7- 9 | 10-12 || total
-------------------------+-------+-------+-------+-------++-------
Melee: War axe           |   110 |   129 |   444 |  1216 ||  1899
Throw: Boomerang         |       |    16 |   103 |    56 ||   175
       Dart              |       |       |       |    98 ||    98
Invok: Lesser Servant of |       |       |       |     3 ||     3
       Major Destruction |       |       |       |     1 ||     1
 Abil: Heal Wounds       |     2 |     1 |     3 |    13 ||    19
Evoke: Wand              |       |       |       |     7 ||     7
  Use: Potion            |     1 |     1 |       |     2 ||     4
       Scroll            |       |     2 |     2 |     3 ||     7
 Stab: Paralysed         |       |       |       |     4 ||     4
       Distracted        |       |       |       |     1 ||     1
  Eat: Chunk             |     1 |     3 |     9 |    19 ||    32
       Ration            |       |       |     1 |     2 ||     3
Armor: Scale mail        |    34 |       |       |       ||    34
       Chain mail        |    12 |    83 |   178 |    29 ||   302
       Plate armour      |       |       |       |   333 ||   333
Dodge: Dodged            |    25 |    37 |   129 |   316 ||   507
Block: Kite shield       |    63 |    65 |   302 |  1010 ||  1440
       Reflection        |       |     4 |    24 |    32 ||    60

Vanquished Creatures
  Jorgrun (D:12)
  Gastronok (D:8)
  Harold (D:7)
  A two-headed ogre (D:11)
  An orc high priest (Orc:1)
  An orc knight (Orc:2)
  2 orc sorcerers
  Pikel (D:5)
  A cyclops (Orc:2)
  4 molten gargoyles (D:12)
  A kobold demonologist (D:11)
  A komodo dragon (D:12)
  3 trolls
  Grinder (D:3)
  Prince Ribbit (D:4)
  3 hippogriffs
  3 slime creatures (D:12)
  Sigmund (D:2)
  A shadow (D:12)
  A water elemental (D:11)
  2 wyverns
  Eustachio (D:5)
  13 yaks
  5 vampire mosquitoes (D:12)
  6 humans (D:6)
  Grum (D:8)
  A hungry ghost (D:8)
  2 soldier ants (D:8)
  An acid dragon (D:10)
  Duvessa (D:7)
  15 orc warriors
  3 ice beasts
  2 sky beasts
  3 slaves (D:5)
  7 ogres
  A black bear (D:7)
  A necrophage (D:8)
  6 wolves
  A crocodile (D:7)
  8 centaurs
  11 big kobolds
  Blork the orc (D:5)
  13 bullfrogs
  A gnoll sergeant (D:8)
  A wyvern skeleton (D:8)
  4 scorpions
  Dowan (D:7)
  3 howler monkeys (D:11)
  9 wights (D:8)
  7 electric eels
  4 crimson imps
  2 centaur zombies
  2 bullfrog zombies
  A quasit (D:8)
  12 hounds
  A gnoll shaman (Orc:1)
  14 orc priests
  2 jellies
  21 orc wizards
  4 iguanas
  Natasha (thrice) (D:4)
  9 worker ants
  A hound zombie (D:6)
  12 gnolls
  A river rat (Sewer)
  2 worker ant zombies
  11 adders
  A howler monkey skeleton (D:7)
  A shadow imp (D:5)
  An ooze (D:2)
  An adder zombie (D:5)
  2 adder skeletons
  4 worms
  A dart slug (D:2)
  73 orcs
  A giant cockroach (D:5)
  7 goblins
  7 hobgoblins
  5 jackals
  5 quokkas
  6 ball pythons
  A ball python skeleton (D:4)
  7 bats
  7 frilled lizards
  39 kobolds
  2 quokka skeletons
  A quokka zombie (D:6)
  29 rats
  A plant (D:9)
465 creatures vanquished.

Vanquished Creatures (others)
  A molten gargoyle (D:12)
  An orc (D:12)
  A jackal (D:11)
  A fungus (Orc:2)
  A plant (D:9)
5 creatures vanquished.

Grand Total: 470 creatures vanquished
